Map: Eternal Empire LE

Players

EPICLULZ

  • Race: Protoss Protoss
  • Spawn Location: 1:00

Pit - Winner!

  • Race: Zerg Zerg
  • League: Master
  • Spawn Location: 7:00

VOD

Have the link to the VOD?

Description

Time

  • Played on: April 13, 2020, 3:11 p.m.
  • Length: 3:50
Show
View Real Time Build Order
Export as new Build Order

EPICLULZ Protoss 

Build Orders: 1 Gate Expand 

Get SALT Encoding   

  12  0:00  Probe  
  13  0:13  Probe  
  14  0:20  Pylon  
  14  0:25  Probe  
  15  0:38  Probe (Chrono Boost)  
  16  0:44  Gateway  
  17  0:50  Probe (Chrono Boost), Assimilator  
  17  1:00  Probe  
  18  1:12  Probe  
  19  1:24  Probe  
  20  1:38  Cybernetics Core  
  20  1:40  Nexus  
  20  1:42  Probe  
  20  1:46  Assimilator  
  21  1:53  Pylon  
  21  1:56  Probe  
  23  2:08  Probe  
  23  2:12  Adept (Chrono Boost)  
  25  2:18  Twilight Council  
  25  2:20  Probe  
  25  2:32  Probe  
  25  2:35  Adept  
  28  2:49  Probe  
  28  2:51  Gateway  
  29  2:55  Probe  
  30  3:01  Probe  
  31  3:08  Probe  
  32  3:13  Probe  
  32  3:18  Adept (Chrono Boost)  
  33  3:20  Probe  
  33  3:25  Probe, Shield Battery  
  35  3:32  Probe  
  36  3:37  Probe  
  36  3:40  Robotics Facility  
Show
View Real Time Build Order
Export as new Build Order

Pit Zerg - Winner!

Build Orders: Hatch First 

Get SALT Encoding   

  12  0:01  Drone  
  13  0:07  Drone  
  14  0:16  Overlord  
  14  0:34  Drone x3  
  17  0:51  Hatchery  
  17  0:55  Drone  
  17  0:58  Drone  
  18  1:08  Extractor  
  17  1:13  Spawning Pool  
  16  1:23  Drone  
  18  1:25  Drone  
  18  1:33  Drone  
  19  1:42  Overlord  
  19  2:00  Queen  
  22  2:01  Zergling x4  
  22  2:05  Drone  
  22  2:06  Queen  
  26  2:14  Metabolic Boost  
  26  2:27  Drone x2  
  26  2:28  Drone  
  29  2:35  Hatchery  
  28  2:38  Drone  
  28  2:43  Overlord  
  29  2:50  Zergling x4  
  31  2:57  Zergling x4  
  33  2:59  Overlord  
  33  3:11  Zergling x10  
  38  3:18  Spore Crawler  
  36  3:24  Zergling x4  
  36  3:25  Zergling x4  
  41  3:31  Zergling x2  
  41  3:32  Zergling x2  
Tags
 
Add a new tag
Caveats
  • Supply blocks, unpowered buildings, or Contaminate may cause inaccurate times.
  • Supply counts are checked every 10 seconds.